 Dungeon Crawl Stone Soup version 0.18.1-50-g88ac8fd (console) character file.

13667 Kloppie the Basher (level 12, -8/66 HPs)
             Began as a Vine Stalker Fighter on Oct 25, 2016.
             Was a Priest of Okawaru.
             Killed from afar by a gargoyle (16 damage)
             ... with a stone arrow
             ... in a labyrinth.
             The game lasted 00:22:08 (9446 turns).

Kloppie the Basher (Vine Stalker Fighter)           Turns: 9446, Time: 00:22:09

Health: -8/66      AC: 14    Str: 21    XL:     12   Next: 8%
Magic:  0/17       EV:  9    Int:  9    God:    Okawaru [***...]
Gold:   315        SH:  7    Dex: 16    Spells: 0 memorised, 11 levels left

rFire  . . .     SeeInvis .     a - +2 flail (crush)
rCold  + . .     Gourm    .     h - +2 scale mail {rC+}
rNeg   + . .     Faith    .     q - +2 buckler
rPois  +         Spirit   +     D - +1 helmet
rElec  .         Dismiss  .     V - +0 cloak {rPois}
rCorr  .         Reflect  .     (no gloves)
SustAt .         Harm     .     U - +0 pair of boots (curse)
MR     +....                    y - amulet of magic regeneration
Stlth  ..........               (no ring)
                                o - ring of positive energy

@: somewhat resistant to hostile enchantments, extremely unstealthy
A: fangs 3, regeneration 3, magic shield, antimagic bite, no device heal 3, rot
immunity
a: Heroism, Renounce Religion


You were in a labyrinth.
You worshipped Okawaru.
Okawaru was most pleased with you.
You were hungry.

You visited 2 branches of the dungeon, and saw 13 of its levels.
You also visited: Labyrinth and Sewer.

You collected 624 gold pieces.
You spent 309 gold pieces at shops.

Inventory:

Hand Weapons
 a - a +2 flail of crushing (weapon)
 b - a +0 flail of holy wrath
 S - a +2 morningstar of crushing
Armour
 c - a +0 shield
 h - a +2 scale mail of cold resistance (worn)
 q - a +2 buckler (worn)
 A - a +1 cloak of invisibility
 D - a +1 helmet (worn)
 U - a cursed +0 pair of boots (worn)
 V - a +0 cloak of poison resistance (worn)
Jewellery
 o - a ring of positive energy (left hand)
 x - an uncursed amulet of faith
 y - an amulet of magic regeneration (around neck)
Wands
 j - a wand of hasting (2/9)
 M - a wand of disintegration (11/24)
Scrolls
 d - a scroll of recharging
 i - a scroll of magic mapping
 l - 4 scrolls of teleportation
 t - 2 scrolls of fear
 B - 6 scrolls of remove curse
 G - 2 scrolls of fog
 P - a scroll of identify
Potions
 e - 3 potions of berserk rage
 g - a potion of flight
 m - a potion of resistance
 n - 2 potions of magic
 r - a potion of lignification
 u - 2 potions of cure mutation
 w - a potion of agility
 C - a potion of haste
 F - 4 potions of curing {unknown}
 J - 2 potions of brilliance {unknown}
 N - a potion of might
 W - a potion of mutation {unknown}
Books
 v - a book of Party Tricks

   Spells                             Type                      Level
   a - Summon Butterflies             Summoning                    1
   b - Apportation                    Translocation                1
   c - Tukima's Dance                 Hexes                        3
   d - Alistair's Intoxication        Transmutation/Poison         5
   e - Invisibility                   Hexes                        6
 T - a Necronomicon

   Spells                             Type                      Level
   a - Haunt                          Necromancy/Summoning         7
   b - Borgnjor's Revivification      Necromancy                   8
   c - Death's Door                   Charms/Necromancy            8
   d - Necromutation                  Transmutation/Necromancy     8
Comestibles
 f - 5 bread rations
 p - 4 meat rations
 H - 5 beef jerkies
 I - 4 slices of pizza
 Q - 10 royal jellies
 R - 3 fruits


   Skills:
 - Level 9.0 Fighting
 + Level 12.4 Maces & Flails
 - Level 5.7 Armour
 - Level 4.9 Shields
 + Level 6.0 Invocations


You had 11 spell levels left.
You didn't know any spells.

Dungeon Overview and Level Annotations

Branches:
Dungeon (12/15)            Temple (1/1) D:5            Lair (0/8) D:11
    Orc (0/2) D:9

Altars:
Ashenzari
Cheibriados
Dithmenos
Elyvilon
Fedhas
Gozag
Kikubaaqudgha
Makhleb
Nemelex Xobeh
Okawaru
Pakellas
Qazlal
Ru
Sif Muna
Trog
Vehumet
Xom
Yredelemnul
Zin
The Shining One

Shops:
D:7 [   D:10 ?

Annotations:
D:8 exclusion: statue


Innate Abilities, Weirdness & Mutations

You have razor-sharp teeth.
You regenerate.
When hurt, damage is shared between your health and your magic reserves.
Your bite disrupts and absorbs the magic of your enemies.
Potions and wands cannot restore your health.
You are immune to rotting.


Message History

* * * LOW HITPOINT WARNING * * *
Drink which item? (? for menu, Esc to quit)
You are confused.
You feel invigorated.
The gargoyle hurls a stone arrow at you.
The stone arrow misses you. The gargoyle closely misses you.
You feel less invigorated.
You feel less confused.
The gargoyle hurls a stone arrow at you.
The stone arrow hits you!
* * * LOW HITPOINT WARNING * * *
The gargoyle hits you but does no damage.
The gargoyle hurls a stone arrow at you.
The stone arrow hits you!
* * * LOW HITPOINT WARNING * * *
You see here a dire flail.
The gargoyle hurls a stone arrow at you.
The stone arrow hits you!
You die...

.#####.##..
#.9#
.......####....
#.###.#...# ##.
# #. . # #...#
# . . # .#.9.#
# # #...
..#.9#...... ..
# ##.#.####. #.
#)#...# #@#.###
#.....#.#
#.#.###.# .#.#
.. . # ### . #
. # # # # ..


You could see 2 gargoyles.

Vanquished Creatures
  A hydra (D:10)
  4 hill giants
  An ugly thing (D:11)
  Psyche (D:8)
  2 gargoyles (Lab)
  A komodo dragon (D:11)
  A troll (D:11)
  A two-headed ogre (D:8)
  6 slime creatures (D:11)
  4 yaks (D:10)
  A wraith (D:11)
  3 hippogriffs
  A hungry ghost (D:12)
  4 humans (D:10)
  Menkaure (D:7)
  2 soldier ants (D:10)
  A water moccasin (D:11)
  4 ice beasts
  3 sky beasts
  2 orc warriors
  2 wasps (D:10)
  The ghost of Blank the Covered, an amateur MiFi (D:3)
  5 phantoms
  6 centaurs
  7 ogres
  Blork the orc (D:6)
  5 giant frogs
  2 big kobolds
  2 wyvern skeletons
  9 killer bees
  4 scorpions
  4 wights (D:5)
  3 howler monkeys
  An electric eel (D:11)
  8 crimson imps
  A centaur zombie (D:11)
  3 jellies
  Crazy Yiuf (D:3)
  7 orc priests
  5 giant frog skeletons
  3 hounds
  6 orc wizards
  2 iguanas
  6 worker ants
  A mummy (D:5)
  11 gnolls
  22 adders
  A shadow imp (D:7)
  14 oozes
  An adder skeleton (D:9)
  6 worms
  10 giant geckos
  43 orcs
  8 ball pythons
  17 giant cockroaches
  10 goblins
  8 hobgoblins
  A jackal (D:5)
  2 quokkas
  6 bats
  A giant gecko skeleton (D:6)
  A giant gecko zombie (D:7)
  16 giant newts
  3 hobgoblin zombies (D:5)
  21 kobolds
  A kobold zombie (D:5)
  7 rats
349 creatures vanquished.

Vanquished Creatures (others)
  A plant (D:11)
1 creature vanquished.

Grand Total: 350 creatures vanquished

Notes
Turn   | Place    | Note
--------------------------------------------------------------
     0 | D:1      | Kloppie the Vine Stalker Fighter began the quest for the Orb.
     0 | D:1      | Reached XP level 1. HP: 11/11 MP: 2/2
   100 | D:1      | Reached skill level 2 in Maces & Flails
   166 | D:1      | Reached XP level 2. HP: 16/16 MP: 1/3
   482 | D:1      | Reached XP level 3. HP: 16/19 MP: 2/4
  1351 | D:2      | Reached XP level 4. HP: 17/23 MP: 5/5
  1513 | D:3      | Noticed Blank's ghost (amateur MiFi)
  1517 | D:3      | Killed Blank's ghost
  1517 | D:3      | Reached skill level 3 in Maces & Flails
  1517 | D:3      | Reached XP level 5. HP: 23/27 MP: 6/6
  1775 | D:3      | Reached skill level 4 in Maces & Flails
  1775 | D:3      | Gained mutation: You heal very quickly. [Vine Stalker growth]
  1775 | D:3      | Reached XP level 6. HP: 20/32 MP: 7/7
  2125 | D:3      | Found a glowing golden altar of the Shining One.
  2430 | D:3      | Noticed Crazy Yiuf
  2479 | D:3      | Killed Crazy Yiuf
  2743 | D:4      | Reached XP level 7. HP: 36/36 MP: 8/8
  2764 | D:4      | Reached skill level 5 in Maces & Flails
  2866 | D:4      | Found an oddly glowing altar of Pakellas.
  2988 | D:4      | Found a burning altar of Makhleb.
  3224 | D:5      | Entered Level 5 of the Dungeon
  3228 | D:5      | Found a glowing drain.
  3255 | Sewer    | Entered a sewer
  3353 | Sewer    | Reached skill level 6 in Maces & Flails
  3353 | Sewer    | Gained mutation: You have razor-sharp teeth. [Vine Stalker growth]
  3353 | Sewer    | Reached XP level 8. HP: 42/42 MP: 9/9
  3615 | Sewer    | Reached skill level 5 in Fighting
  3708 | D:5      | Got a sheer robe
  3719 | D:5      | Identified the cursed +1 robe "Kiehob" {rC+ MR+ rCorr MP-9} (You found it on level 5 of the Dungeon)
  3728 | D:5      | Found a staircase to the Ecumenical Temple.
  3756 | Temple   | Entered the Ecumenical Temple
  3903 | Temple   | Became a worshipper of Warmaster Okawaru
  4156 | D:5      | Reached skill level 7 in Maces & Flails
  4312 | D:5      | Reached * piety under Okawaru
  4312 | D:5      | Reached XP level 9. HP: 24/49 MP: 5/10
  4546 | D:6      | Found a shattered altar of Ashenzari.
  4550 | D:6      | Noticed Blork the orc
  4558 | D:6      | Killed Blork the orc
  4558 | D:6      | Reached skill level 8 in Maces & Flails
  4825 | D:7      | Reached ** piety under Okawaru
  5037 | D:7      | Found Ditotyam's Antique Armour Boutique.
  5061 | D:7      | Found a deep blue altar of Sif Muna.
  5062 | D:7      | Bought a runed cloak for 135 gold pieces
  5102 | D:7      | Noticed Menkaure
  5106 | D:7      | Killed Menkaure
  5249 | D:7      | Found a white marble altar of Elyvilon.
  5382 | D:7      | Found a radiant altar of Vehumet.
  5491 | D:7      | Found a sparkling altar of Nemelex Xobeh.
  5593 | D:8      | Found a radiant altar of Vehumet.
  5631 | D:8      | Noticed Psyche
  5644 | D:8      | Killed Psyche
  5644 | D:8      | Reached skill level 9 in Maces & Flails
  5644 | D:8      | Reached XP level 10. HP: 36/55 MP: 8/11
  5709 | D:8      | Reached skill level 5 in Armour
  5885 | D:8      | Reached *** piety under Okawaru
  6243 | D:9      | Got a fine ring mail
  6254 | D:9      | Identified the +5 ring mail "Ycinew" {*Corrode rPois Int+5 SInv} (You found it on level 9 of the Dungeon)
  6330 | D:9      | Found a shimmering altar of Xom.
  6688 | D:9      | Found a staircase to the Orcish Mines.
  6849 | D:10     | Entered Level 10 of the Dungeon
  6893 | D:10     | Reached skill level 10 in Maces & Flails
  6932 | D:10     | Found Majiu's Magic Scroll Shop.
  6935 | D:10     | Bought a scroll of torment for 90 gold pieces
  6935 | D:10     | Bought a scroll of noise for 12 gold pieces
  6935 | D:10     | Bought a scroll of identify for 24 gold pieces
  6935 | D:10     | Bought a scroll of identify for 24 gold pieces
  6935 | D:10     | Bought a scroll of identify for 24 gold pieces
  6953 | D:10     | Received a gift from Okawaru
  7066 | D:10     | Reached **** piety under Okawaru
  7227 | D:10     | Noticed a hill giant
  7233 | D:10     | Killed a hill giant
  7290 | D:10     | Noticed a hill giant
  7297 | D:10     | Killed a hill giant
  7297 | D:10     | Reached XP level 11. HP: 26/60 MP: 5/12
  7494 | D:10     | Noticed a hill giant
  7508 | D:10     | Killed a hill giant
  7508 | D:10     | Reached ***** piety under Okawaru
  7508 | D:10     | Reached skill level 11 in Maces & Flails
  7765 | D:11     | Noticed a four-headed hydra
  7787 | D:10     | Reached skill level 1 in Invocations
  7887 | D:10     | Killed a four-headed hydra
  7887 | D:10     | Received a gift from Okawaru
  8187 | D:11     | Found a staircase to the Lair.
  8440 | D:11     | Noticed a white ugly thing
  8463 | D:11     | Killed a white ugly thing
  8463 | D:11     | Received a gift from Okawaru
  8463 | D:11     | Reached skill level 12 in Maces & Flails
  8656 | D:11     | Found an oddly glowing altar of Pakellas.
  8666 | D:11     | Reached skill level 5 in Invocations
  8911 | D:11     | Noticed a hill giant
  8940 | D:11     | Killed a hill giant
  8940 | D:11     | Gained mutation: You regenerate. [Vine Stalker growth]
  8940 | D:11     | Reached XP level 12. HP: 45/66 MP: 17/17
  9183 | D:12     | Found a labyrinth entrance.
  9195 | Lab      | Entered a labyrinth
  9446 | Lab      | Killed from afar by a gargoyle

Skill      XL: |  1  2  3  4  5  6  7  8  9 10 11 12 |
---------------+-------------------------------------+-----
Maces & Flails | 2 3 4 6 7 9 10 12 | 12.4
Shields        | 3 4 |  4.9
Fighting       | 3 4 6 7 8 9 |  9.0
Armour         | 4 5 |  5.7
Invocations    | 5 6 |  6.0

Action                   |  1- 3 |  4- 6 |  7- 9 | 10-12 || total
-------------------------+-------+-------+-------+-------++-------
Melee: Flail             |   102 |    13 |    35 |   174 ||   324
       Bite              |    26 |    38 |   124 |   198 ||   386
       Whip              |    29 |   130 |   434 |   368 ||   961
Evoke: Wand              |       |       |       |     1 ||     1
  Use: Potion            |       |     1 |       |     1 ||     2
       Scroll            |       |       |    17 |     7 ||    24
  Eat: Chunk             |     2 |     4 |    10 |    12 ||    28
Armor: Scale mail        |    46 |    42 |   136 |   155 ||   379
Dodge: Dodged            |    42 |    42 |   153 |   126 ||   363
Block: Shield            |    55 |       |       |       ||    55
       Buckler           |    10 |    46 |   143 |   134 ||   333
